 Dungeon Crawl Stone Soup version 0.22-a0-406-g9ff8d77 (webtiles) character file.

960 KristoblXynda the Grappler (level 7, 0/59 HPs)
             Began as a Troll Wizard on May 8, 2018.
             Slain by a centaur (1 damage)
             ... on level 5 of the Dungeon.
             The game lasted 00:07:25 (3216 turns).

KristoblXynda the Grappler (Troll Wizard)           Turns: 3216, Time: 00:07:25

Health: 0/59       AC:  5    Str: 16    XL:     7   Next: 92%
Magic:  9/9        EV:  9    Int: 19    God:
Gold:   191        SH:  0    Dex:  8    Spells: 6/10 levels left

rFire    . . .     SeeInvis .     - Unarmed
rCold    . . .     Gourm    +   (no shield)
rNeg     . . .     Faith    .   a - +0 robe
rPois    +         Spirit   .   b - +0 hat
rElec    .         Reflect  .   (no cloak)
rCorr    .         Harm     .   (gloves unavailable)
MR       .....                  (boots unavailable)
Stlth    +.........             j - amulet of magic regeneration
HPRegen  0.59/turn              m - ring of poison resistance
MPRegen  0.36/turn              i - +3 ring of intelligence

@: no status effects
A: large, unfitting armour, claws 3, fast metabolism 3, gourmand, regeneration
1, shaggy fur 1, tough skin 2
a: no special abilities


You were on level 5 of the Dungeon.
You were very full.

You visited 1 branch of the dungeon, and saw 5 of its levels.

You collected 191 gold pieces.

Inventory:

Armour
 a - a +0 robe (worn)
 b - a +0 hat (worn)
Jewellery
 i - a +3 ring of intelligence (right claw)
 j - an amulet of magic regeneration (around neck)
 k - an uncursed amulet of faith
 m - a ring of poison resistance (left claw)
Wands
 l - a wand of flame (30)
Scrolls
 c - a scroll of fog
 g - 2 scrolls of teleportation {unknown}
 h - a scroll of amnesia {unknown}
 o - 3 scrolls of remove curse {unknown}
 q - a scroll of identify
 r - a scroll of fear {unknown}
 s - 2 scrolls of enchant weapon {unknown}
Potions
 p - a potion of flight
Comestibles
 d - 4 rations


   Skills:
 - Level 1.5 Dodging
 - Level 1.0 Stealth
 * Level 10.0 Unarmed Combat
 - Level 2.0 Spellcasting
 * Level 7.7 Conjurations
   Level 0.6 Summonings
   Level 0.6 Translocations


You had 6 spell levels left.
You knew the following spells:

 Your Spells              Type           Power        Failure   Level  Hunger
a - Magic Dart            Conj           ####         1%          1    #......
b - Mephitic Cloud        Conj/Pois/Air  ##......     17%         3    ###....


Dungeon Overview and Level Annotations

Branches:
Dungeon (5/15)
 Temple: D:4-7

Altars:
Cheibriados
Zin


Innate Abilities, Weirdness & Mutations

You are too large for most types of armour.
You have claws for hands.
Your metabolism is lightning-fast.
You like to eat raw meat.
Your natural rate of healing is unusually fast.
You are covered in fur. (AC +1)
You have very tough skin. (AC +2)


Message History

You barely miss the hound. The hound bites you.
* * * LOW HITPOINT WARNING * * *
The hound bites you.
* * * LOW HITPOINT WARNING * * *
You feel better. The hound barely misses you. The hound closely misses you.
You closely miss the hound. The hound barely misses you.
The centaur unwields an uncursed shortbow.
The centaur misses you.
You scratch the centaur.
The centaur is moderately wounded.
The hound bites you.
* * * LOW HITPOINT WARNING * * *
The centaur hits you.
* * * LOW HITPOINT WARNING * * *
You scratch the centaur but do no damage.
The centaur is moderately wounded.
The hound bites you.
* * * LOW HITPOINT WARNING * * *
The centaur hits you.
You die...

#######..(.
#......._..
#....?.....
#..........
###..........
#.........$..
#....(.......
#...(#########
#....h@......#
#####c.......#
#..........#
#.......####
#.......##
#...........
#...........
#...........
#...........


You could see a centaur and a hound.

Vanquished Creatures
  Grinder (D:3)
  Blork the orc (D:4)
  A scorpion (D:4)
  A howler monkey (D:4)
  Natasha (twice) (D:3)
  4 gnolls (D:2)
  5 adders
  2 oozes (D:2)
  4 worms
  4 leopard geckos
  6 orcs
  3 giant cockroaches
  2 goblins (D:2)
  5 hobgoblins
  3 jackals (D:1)
  3 kobolds (D:1)
  3 quokkas
  6 bats
  5 frilled lizards
  9 rats
70 creatures vanquished.

Notes
Turn   | Place    | Note
-------+----------+-------------------------------------------
     0 | D:1      | KristoblXynda the Troll Wizard began the quest for the Orb.
     0 | D:1      | Reached XP level 1. HP: 16/16 MP: 2/2
    72 | D:1      | Reached skill level 1 in Conjurations
    95 | D:1      | Reached skill level 1 in Unarmed Combat
    95 | D:1      | Reached XP level 2. HP: 19/24 MP: 4/4
   766 | D:2      | Reached XP level 3. HP: 21/31 MP: 5/5
   772 | D:2      | Reached skill level 2 in Unarmed Combat
  1005 | D:2      | Reached XP level 4. HP: 39/39 MP: 6/6
  1851 | D:3      | Noticed Grinder
  1864 | D:3      | Paralysed by Grinder for 4 turns
  1870 | D:3      | Killed Grinder
  1870 | D:3      | Reached skill level 4 in Unarmed Combat
  1870 | D:3      | Reached XP level 5. HP: 11/45 MP: 7/7
  1870 | D:3      | Reached XP level 6. HP: 13/53 MP: 8/8
  2078 | D:3      | Noticed Natasha
  2083 | D:3      | Killed Natasha
  2125 | D:3      | Learned a level 3 spell: Mephitic Cloud
  2258 | D:3      | Found a glowing silver altar of Zin.
  2258 | D:3      | Noticed an angel
  2314 | D:3      | Noticed Natasha
  2325 | D:3      | Killed Natasha
  2749 | D:4      | Noticed Blork the orc
  2785 | D:4      | Reached skill level 9 in Unarmed Combat
  2785 | D:4      | Reached XP level 7. HP: 6/59 MP: 9/9
  2794 | D:4      | Killed Blork the orc
  2794 | D:4      | Reached skill level 10 in Unarmed Combat
  3163 | D:5      | Entered Level 5 of the Dungeon
  3196 | D:5      | Found a snail-covered altar of Cheibriados.
  3216 | D:5      | HP: 1/59 [hound (3)]
  3216 | D:5      | Slain by a centaur

Vault maps used:
D:1:      lightli_arrival_lavapool
D:2:      serial_glass, glass_columns_b, glass_columns_b
D:3:      zin_angel, bloody_trog, uniq_natasha, uniq_grinder
D:4:      uniq_blork_the_orc
D:5:      cheibriados_altar_1, yredelemnul_altar_generic,
          nicolae_qazlal_general_emergency, first_ration, minivault_4

Skill      XL: |  1  2  3  4  5  6  7 |
---------------+----------------------+-----
Conjurations   | 1 2 3 7 |  7.7
Unarmed Combat | 1 2 4 9 10 | 10.0
Dodging        | |  1.5
Stealth        | |  1.0
Spellcasting   | |  2.0
Summonings     | |  0.6
Translocations | |  0.6

Action                   |  1- 3 |  4- 6 |  7- 9 || total
-------------------------+-------+-------+-------++-------
Melee: Unarmed           |    73 |   149 |    31 ||   253
       Punch             |     1 |     1 |       ||     2
  Use: Scroll            |       |     3 |     1 ||     4
       Potion            |       |     2 |     4 ||     6
 Stab: Sleeping          |     1 |     1 |     1 ||     3
  Eat: Chunk             |    15 |    16 |     2 ||    33
Armor: Robe              |    26 |    49 |     8 ||    83
Dodge: Dodged            |    48 |    61 |    21 ||   130

Table legend:
 A = Spawn XP
 B = Non-spawn XP
 C = Spawn XP percentage of total XP
 D = Spawn monster count
 E = Non-spawn monster count
 F = Spawn count percentage of total count
 G = Total turns spent on level
                    A         B        C        D         E        F      G
               +---------+---------+-------+---------+---------+-------+---------
         Total |       0 |     798 |   0.0 |       0 |      70 |   0.0 |  3216
               +---------+---------+-------+---------+---------+-------+---------
           D:1 |       0 |      30 |   0.0 |       0 |      17 |   0.0 |   788
           D:2 |       0 |     123 |   0.0 |       0 |      28 |   0.0 |  1063
           D:3 |       0 |     345 |   0.0 |       0 |      10 |   0.0 |   774
           D:4 |       0 |     282 |   0.0 |       0 |      13 |   0.0 |   538
           D:5 |       0 |      18 |   0.0 |       0 |       2 |   0.0 |    53
               +---------+---------+-------+---------+---------+-------+---------
